 Dungeon Crawl Stone Soup version 0.19.0 (webtiles) character file.

266252 Ultraviolent4 the Executioner (level 19, 0/186 HPs)
             Began as a Deep Dwarf Gladiator on Nov 20, 2016.
             Was the Champion of Makhleb.
             Slain by a tentacled monstrosity (8 damage)
             ... on level 5 of the Vaults.
             The game lasted 00:39:34 (21277 turns).

Ultraviolent4 the Executioner (DDGl)               Turns: 21277, Time: 00:39:35

Health: 0/186      AC: 30    Str: 27    XL:     19   Next: 32%
Magic:  10/10      EV: 18    Int: 10    God:    Makhleb [******]
Gold:   1250       SH:  0    Dex: 20    Spells: 0 memorised, 18 levels left

rFire  . . .     SeeInvis +     a - +5 battleaxe (drain)
rCold  . . .     Gourm    .     n - +7 crystal plate armour
rNeg   + . .     Faith    +     (shield currently unavailable)
rPois  .         Spirit   .     H - +0 helmet
rElec  .         Reflect  .     I - +1 cloak
rCorr  .         Harm     .     W - +1 pair of gloves {Str+3}
MR     ++...                    P - +0 pair of boots
Stlth  ..........               h - amulet of faith {!P}
                                Y - +3 ring of protection
                                z - ring of see invisible

@: agile, marked, corroded, very slightly contaminated, non-regenerating,
slowed, constricted, very slow
A: damage resistance, recharge devices, negative energy resistance 1, sense
surroundings 3, slow regeneration 3
a: Device Recharging, Minor Destruction, Lesser Servant of Makhleb, Major
Destruction, Greater Servant of Makhleb, Renounce Religion
}: 2/15 runes: decaying, gossamer


You were on level 5 of the Vaults.
You worshipped Makhleb.
Makhleb was exalted by your worship.
You were very hungry.

You visited 7 branches of the dungeon, and saw 40 of its levels.
You visited 1 bazaar.

You collected 2124 gold pieces.
You spent 874 gold pieces at shops.

Inventory:

Hand Weapons
 a - a +5 battleaxe of draining (weapon)
   (You took it off a hell knight on level 5 of the Depths)
 b - a +5 battleaxe of freezing
   (You took it off Blork the orc on level 4 of the Dungeon)
Missiles
 D - 6 throwing nets (quivered)
Armour
 n - a +7 crystal plate armour (worn)
   (You found it on level 2 of the Dungeon)
 H - a +0 helmet (worn)
 I - a +1 cloak (worn)
   (You took it off a draconian scorcher on level 5 of the Depths)
 P - a +0 pair of boots (worn)
   (You found it on level 3 of the Spider Nest)
 W - a +1 pair of gloves of strength (worn)
   (You found it on level 15 of the Dungeon)
Jewellery
 h - an amulet of faith (around neck) {!P}
   (You found it on level 1 of the Dungeon)
 z - a ring of see invisible (left hand)
   (You found it on level 4 of the Lair of Beasts)
 Y - a +3 ring of protection (right hand)
   (You found it on level 4 of the Swamp)
Wands
 c - a wand of disintegration (14/24)
   (You found it on level 3 of the Lair of Beasts)
 d - a wand of iceblast (12/15)
   (You found it on level 10 of the Dungeon)
 e - a wand of heal wounds (9/9) {@v2}
 f - a wand of lightning (10/15)
   (You found it on level 5 of the Lair of Beasts)
 g - a wand of teleportation (7/9) {@v4}
   (You found it on level 1 of the Swamp)
 m - a wand of polymorph (15/24)
   (You found it on level 5 of the Depths)
 u - a wand of paralysis (8/24)
   (You found it on level 4 of the Swamp)
 x - a wand of acid (0/15)
   (You found it on level 3 of the Dungeon)
 y - a wand of confusion (42/48)
   (You found it on level 4 of the Lair of Beasts)
 O - a wand of acid (10/15)
   (You found it on level 2 of the Swamp)
Scrolls
 i - 7 scrolls of remove curse {@r2}
 j - 4 scrolls of blinking
 v - 3 scrolls of identify {@r1}
 B - 5 scrolls of recharging
 F - 5 scrolls of magic mapping
 G - 3 scrolls of teleportation {@r4}
 R - 2 scrolls of fog
 X - 3 scrolls of fear
Potions
 k - 5 potions of agility
 p - 4 potions of brilliance
 r - 2 potions of flight
 s - 2 potions of cancellation
 E - a potion of haste {@q3}
 J - a potion of invisibility
 K - 2 potions of magic
 L - 2 potions of resistance
 M - 7 potions of heal wounds {@q2}
 Q - 3 potions of ambrosia
 T - a potion of cure mutation {unknown}
 U - 3 potions of curing {@q1}
 V - a potion of berserk rage {unknown}
Miscellaneous
 S - a phantom mirror
Comestibles
 l - 7 royal jellies
 o - 9 fruits
 q - 15 bread rations
 w - 8 slices of pizza
 A - 7 beef jerkies
 C - 10 meat rations


   Skills:
 * Level 15.5 Fighting
 * Level 21.3 Axes
 - Level 1.7 Throwing
 + Level 15.6 Armour
 + Level 15.9 Dodging
 - Level 14.2 Invocations


You had 18 spell levels left.
You didn't know any spells.

Dungeon Overview and Level Annotations

Branches:
Dungeon (15/15)            Temple (1/1) D:5            Lair (6/6) D:8
  Swamp (4/4) Lair:3       Spider (4/4) Lair:2        Slime (0/5) Lair:5
 Vaults (5/5) D:14          Crypt (0/3) Vaults:2     Depths (5/5) D:15
    Zot (0/5) Depths:5
    Orc: D:9-12

Altars:
Ashenzari
Cheibriados
Dithmenos
Elyvilon
Fedhas
Gozag
Hepliaklqana
Kikubaaqudgha
Makhleb
Nemelex Xobeh
Okawaru
Qazlal
Ru
Sif Muna
Trog
Uskayaw
Vehumet
Xom
Yredelemnul
Zin
The Shining One
Lugonu

Shops:
D:4 !   D:11 ?

Portals:
Abyss: Depths:1
Ziggurat: Depths:4

Annotations:
D:4 exclusions: door and oklob plant
Lair:6 exclusion: 2 doors


Innate Abilities, Weirdness & Mutations

You are resistant to damage.
You can recharge devices by infusing magical energy.
You resist negative energy. (rN+)
You passively map a large area around you.
You do not regenerate.


Message History

The vault guard hits you from afar with an enchanted halberd!
The vault guard misses you. The stone giant closely misses you.
The vault guard hits you but does no damage.
The Hell Sentinel gestures at you. The iron shot hits you!
* * * LOW HITPOINT WARNING * * *
The yaktaur captain unwields an uncursed arbalest.
The yaktaur captain hits you but does no damage.
You are too injured to fight recklessly!
Blink to where?
The tentacled monstrosity's grasp on you weakens, but your attempt to escape fails.
As you read the scroll of blinking, it crumbles to dust.
The quicksilver dragon bites you but does no damage.
The quicksilver dragon claws you but does no damage.
The ironbrand convoker points at the vault guard and mumbles some strange words.
The vault guard seems to grow stronger.
The tengu reaver completely misses you.
The tengu reaver pecks you but does no damage.
The tengu reaver claws you.
The vault guard hits you from afar with an enchanted glaive.
The white very ugly thing basks in the mutagenic energy from its kin and changes!
The Hell Sentinel hits you.
* * * LOW HITPOINT WARNING * * *
The Hell Sentinel hits you!
* * * LOW HITPOINT WARNING * * *
The tentacled monstrosity tentacle-slaps you but does no damage.
The tentacled monstrosity completely misses you.
The tentacled monstrosity tentacle-slaps you but does no damage.
The tentacled monstrosity constricts you.
The quicksilver dragon closely misses you. x2
The white very ugly thing basks in the mutagenic energy from its kin and changes!
The ancient lich touches you but does no damage.
The vault guard closely misses you. The Hell Sentinel hits you!
* * * LOW HITPOINT WARNING * * *
The Hell Sentinel hits you but does no damage.
The orc knight roars a battlecry!
The stone giant completely misses you.
The vault guard hits you but does no damage.
The ogre mage casts a spell.
The ogre mage blinks!
The entropy weaver casts a spell.
The entropic weave corrodes you! The yaktaur captain hits you!
* * * LOW HITPOINT WARNING * * *
The Hell Sentinel misses you. The Hell Sentinel closely misses you.
The tengu reaver barely misses you.
The tengu reaver pecks you but does no damage.
The tengu reaver claws you but does no damage.
The tentacled monstrosity misses you.
The tentacled monstrosity tentacle-slaps you but does no damage.
The tentacled monstrosity closely misses you.
You die... * , * ,, ,,, , #....# ....,, , * ,,*#. #....# #.... , , #*e#....##...T ,,,, ,, , , oep#.s..#cC)# , ,, ,,.ceppCeGCpa# * , * ##**QCupss##### * * ,, , ,,, ..esppXcCD8....

, , ,, ,
,..eOOuQ@DpO....
, ,,, ,
,,..ruuOL11pC....
, , , ,,,
,,...*CGppCpp....
,, * *
##OOOOOZC3##### *
* * ,,


..OOsWp4pe#* * , , ** * , ,* *...#....#O2 * , * , ...#....#3C. , * * , * ..
#....#...e ,, , , #....#...ยง. * , You could see 2 Hell Sentinels, a tentacled
monstrosity, 2 ironheart preservers, 4 titans, a golden dragon, an ancient lich
(invisible), 2 frost giants, 4 very ugly things, a fire giant, a quicksilver
dragon, a stone giant, 6 vault wardens, 2 tengu reavers, 2 yaktaur captains, a
reaper, 5 vault guards, an entropy weaver, an orc knight, 2 deep elf
annihilators, a deep elf death mage, a great orb of eyes, a great orb of eyes
shaped shifter, 2 ettins, a crystal guardian, 2 deep elf sorcerers, a demonic
crawler, 2 ogre magi, a deep troll, a sun demon, a deep elf demonologist, an
orange demon, a vault sentinel, an ironbrand convoker, a yaktaur, a freezing
wraith, a deep elf mage, a smoke demon, 5 two-headed ogres, a jumping spider, 3
redbacks, 5 ogres, 2 lost souls, a hell rat, 2 battlespheres and a vault
sentinel zombie.

Vanquished Creatures
  Bai Suzhen (Swamp:4)
  2 golden dragons (Vaults:5)
  A bone dragon (Depths:5)
  5 tentacled monstrosities
  A titan (Vaults:5)
  3 tengu reavers
  A draconian monk (Depths:5)
  3 storm dragons
  4 vault wardens
  2 frost giants
  3 fire giants
  2 ghost moths (Spider:4)
  A draconian shifter (Depths:5)
  A draconian scorcher (Depths:5)
  3 ironheart preservers
  3 emperor scorpions (Spider:4)
  8 very ugly things
  9 stone giants
  A white draconian (Depths:5)
  2 purple draconians (Depths:5)
  2 dire elephants (Lair:6)
  A red draconian (Depths:5)
  7 spark wasps
  3 ettins
  5 great orbs of eyes
  A rakshasa (Depths:1)
  2 deep elf high priests
  12 ogre magi
  3 fire dragons
  12 hydras
  A spriggan air mage (Depths:5)
  4 ice dragons
  25 vault guards
  4 centaur warriors
  9 yaktaur captains
  3 alligators (Swamp:4)
  A deep troll shaman (Depths:5)
  A catoblepas (Lair:6)
  2 tengu warriors
  A deep elf knight (Vaults:4)
  2 vampire magi
  3 spriggan berserkers (Depths:5)
  A soul eater (Vaults:2)
  5 hell knights (Depths:5)
  A shadow wraith (Vaults:4)
  An iron troll (Depths:5)
  A fire crab (shapeshifter) (D:15)
  A glowing orange brain (shapeshifter) (D:15)
  5 deep trolls
  A sea snake (shapeshifter) (Vaults:4)
  8 wizards
  2 deep elf archers (Vaults:4)
  8 ironbrand convokers
  A shambling mangrove (Swamp:4)
  6 swamp dragons
  4 flayed ghosts
  2 glowing orange brains (Vaults:4)
  A phantasmal warrior (Vaults:2)
  2 hill giants
  4 harpies (Vaults:4)
  4 orb spiders
  9 necromancers
  An oklob plant (Lair:5)
  20 wolf spiders
  18 ugly things
  2 manticores
  7 deep elf magi
  2 orc knights (Vaults:2)
  A wolf spider (shapeshifter) (D:15)
  2 cyclopes
  4 centaur zombies
  A tengu skeleton (Vaults:5)
  A black mamba (shapeshifter) (Vaults:5)
  3 elephants
  Psyche (D:9)
  3 black mambas
  Joseph (D:8)
  A torpor snail (Lair:4)
  9 vault sentinels
  3 gargoyles
  11 spiny frogs
  2 rime drakes
  4 centaur skeletons
  3 freezing wraiths
  5 demonic crawlers
  24 yaktaurs
  6 komodo dragons
  2 tengu conjurers
  A golden dragon simulacrum (Vaults:5)
  3 efreet
  6 tyrant leeches
  A jumping spider (shapeshifter) (Vaults:2)
  A queen bee (Lair:3)
  14 jumping spiders
  3 trolls
  Prince Ribbit (D:5)
  18 hornets
  21 two-headed ogres
  7 dream sheep
  A raiju (shapeshifter) (Depths:5)
  9 bog bodies
  10 slime creatures
  5 blink frogs (Lair:5)
  5 hippogriffs
  A fire giant simulacrum (Vaults:5)
  29 redbacks
  An air elemental (Depths:4)
  A tarantella (shapeshifter) (D:15)
  8 wyverns
  4 shadows
  18 yaks
  6 spriggans
  5 water elementals
  A wraith (Vaults:2)
  7 tarantellas
  Eustachio (D:4)
  Grum (D:9)
  A basilisk (Lair:3)
  A golden eye (shapeshifter) (Vaults:2)
  7 vampire mosquitoes
  19 humans (D:14)
  A human simulacrum (Vaults:3)
  Menkaure (D:4)
  10 swamp worms
  3 insubstantial wisps (Swamp:2)
  2 mottled dragons
  10 water moccasins
  A soldier ant (D:14)
  Duvessa (D:6)
  10 porcupines
  10 orc warriors
  An ice beast (D:6)
  8 swamp drakes
  5 sky beasts
  An eye of draining (D:13)
  3 black bears
  38 ogres
  7 boggarts
  2 hornet zombies
  3 centaurs
  13 wolves
  3 phantoms
  6 crocodiles
  4 big kobolds
  Blork the orc (D:4)
  A human zombie (Vaults:5)
  10 bullfrogs
  Dowan (D:6)
  A wyvern skeleton (D:13)
  37 killer bees
  3 scorpions
  4 wights (D:11)
  An electric eel (Spider:1)
  6 crimson imps
  A bullfrog zombie (D:10)
  7 hounds
  A quasit (D:13)
  5 jellies
  3 orc priests
  4 iguanas
  Natasha (thrice) (D:4)
  8 orc wizards
  7 worker ants
  2 hound skeletons
  Robin (D:3)
  A howler monkey skeleton (D:6)
  7 adders
  6 shadow imps
  4 adder skeletons
  A worm (D:2)
  3 leopard geckos
  34 orcs
  3 giant cockroaches
  6 goblins
  7 hobgoblins
  3 jackals (D:4)
  18 kobolds
  6 quokkas
  4 bats
  3 frilled lizards
  A giant cockroach zombie (D:4)
  A quokka skeleton (D:6)
  A quokka zombie (D:8)
  A rat (D:1)
  3 fungi
  3 plants (Lair:6)
947 creatures vanquished.

Vanquished Creatures (collateral kills)
  the Lernaean hydra (Swamp:4)
  The ghost of luneth the Impregnable, an adept MiBe of Trog (Vaults:2)
  Donald (Vaults:4)
  2 vault wardens (Vaults:4)
  8 hydras
  A vault guard (Vaults:4)
  A ghost crab (Swamp:4)
  A spriggan (Swamp:4)
  A deep elf knight (Vaults:4)
  A spriggan druid (Swamp:3)
  2 swamp dragons (Swamp:4)
  A shambling mangrove (Swamp:3)
  An ugly thing (Vaults:4)
  2 elephants (Lair:3)
  A spiny frog (Lair:6)
  A yaktaur (Vaults:4)
  A meliai (shapeshifter) (Vaults:4)
  A tyrant leech (Swamp:4)
  A blink frog (Lair:6)
  2 hornets
  A bog body (Swamp:4)
  A slime creature (Vaults:2)
  2 yaks
  7 vampire mosquitoes
  3 swamp worms (Swamp:4)
  2 insubstantial wisps (Swamp:2)
  A warg (Vaults:2)
  3 swamp drakes (Swamp:4)
  An ogre (Vaults:2)
52 creatures vanquished.

Vanquished Creatures (others)
  A tentacled monstrosity (Vaults:5)
  A hydra (Swamp:4)
  A necromancer (Vaults:4)
  A bush (Swamp:4)
  11 fungi (Swamp:4)
  2 plants
17 creatures vanquished.

Grand Total: 1016 creatures vanquished

Notes
Turn   | Place    | Note
-------+----------+-------------------------------------------
     0 | D:1      | Ultraviolent4 the Deep Dwarf Gladiator began the quest for the Orb.
     0 | D:1      | Reached XP level 1. HP: 19/19 MP: 1/1
    78 | D:1      | Reached XP level 2. HP: 19/26 MP: 2/2
   160 | D:2      | Reached skill level 1 in Armour
   394 | D:3      | Noticed Robin
   408 | D:3      | Killed Robin
   408 | D:3      | Reached XP level 3. HP: 28/32 MP: 3/3
   652 | D:4      | Reached skill level 4 in Axes
   652 | D:4      | Reached XP level 4. HP: 31/39 MP: 4/4
   702 | D:4      | Noticed Menkaure
   712 | D:4      | Killed Menkaure
   712 | D:4      | Reached skill level 5 in Axes
   712 | D:4      | Reached XP level 5. HP: 41/46 MP: 5/5
   745 | D:4      | Found a deep blue altar of Sif Muna.
   789 | D:4      | Noticed Blork the orc
   808 | D:4      | Killed Blork the orc
   808 | D:4      | Reached XP level 6. HP: 44/55 MP: 6/6
   886 | D:4      | Found a shadowy altar of Dithmenos.
   918 | D:4      | Noticed Eustachio
  1048 | D:4      | Lost dexterity.
  1082 | D:4      | Killed Eustachio
  1135 | D:4      | Reached skill level 5 in Dodging
  1266 | D:4      | Found Pylid's Distillery.
  1277 | D:4      | Bought a potion of curing for 42 gold pieces
  1277 | D:4      | Bought a potion of heal wounds for 70 gold pieces
  1277 | D:4      | Bought a potion of agility for 56 gold pieces
  1285 | D:4      | Found a blossoming altar of Fedhas.
  1307 | D:4      | Noticed an oklob plant
  1360 | D:4      | Noticed Natasha
  1371 | D:4      | Killed Natasha
  1496 | D:4      | Reached skill level 6 in Axes
  1496 | D:4      | Reached XP level 7. HP: 38/62 MP: 6/6
  1587 | D:4      | Noticed Natasha
  1595 | D:4      | Killed Natasha
  1609 | D:4      | Noticed Natasha
  1629 | D:4      | Killed Natasha
  1708 | D:5      | Entered Level 5 of the Dungeon
  1906 | D:5      | Found a staircase to the Ecumenical Temple.
  1961 | Temple   | Entered the Ecumenical Temple
  2071 | Temple   | Became a worshipper of Makhleb the Destroyer
  2152 | D:5      | Found a hazy altar of Hepliaklqana.
  2511 | D:5      | Found a faded altar of an unknown god.
  2511 | D:5      | Found a sacrificial altar of Ru.
  2516 | D:5      | Found a hide-covered altar of Uskayaw.
  2518 | D:5      | Found a bloodstained altar of Trog.
  2520 | D:5      | Found a shattered altar of Ashenzari.
  2578 | D:5      | Reached skill level 1 in Invocations
  2633 | D:5      | Noticed Prince Ribbit
  2651 | D:5      | Killed Prince Ribbit
  2651 | D:5      | Reached skill level 7 in Axes
  2651 | D:5      | Reached XP level 8. HP: 54/72 MP: 5/7
  2917 | D:6      | Noticed Duvessa
  2918 | D:6      | Noticed Dowan
  2934 | D:6      | Killed Duvessa
  2935 | D:6      | Killed Dowan
  2935 | D:6      | Reached * piety under Makhleb
  3097 | D:6      | Reached skill level 8 in Axes
  3165 | D:7      | Reached skill level 5 in Armour
  3392 | D:7      | Gained mutation: You passively map the area around you. [Deep Dwarf growth]
  3392 | D:7      | Reached XP level 9. HP: 76/79 MP: 10/10
  3564 | D:7      | Reached ** piety under Makhleb
  3936 | D:7      | Reached skill level 5 in Invocations
  4317 | D:8      | Noticed Joseph
  4328 | D:8      | Killed Joseph
  4328 | D:8      | Reached skill level 5 in Fighting
  4328 | D:8      | Reached skill level 9 in Axes
  4602 | D:8      | Noticed a komodo dragon
  4608 | D:8      | Killed a komodo dragon
  4609 | D:8      | Found a staircase to the Lair.
  4817 | D:9      | Noticed Grum
  4847 | D:9      | Killed Grum
  4847 | D:9      | Reached XP level 10. HP: 75/90 MP: 12/12
  4888 | D:9      | Reached skill level 10 in Axes
  4919 | D:9      | Noticed Psyche
  4927 | D:9      | Killed Psyche
  5089 | D:9      | Reached *** piety under Makhleb
  5207 | D:9      | Got a jewelled hand axe
  5208 | D:9      | Identified the +3 hand axe of Imminent Death {venom, -Tele rPois rN+ Int+4} (You found it on level 9 of the Dungeon)
  5560 | D:10     | Entered Level 10 of the Dungeon
  5838 | D:10     | Reached **** piety under Makhleb
  5872 | D:10     | Reached skill level 11 in Axes
  6224 | D:11     | Noticed a cyan ugly thing
  6241 | D:11     | Killed a cyan ugly thing
  6241 | D:11     | Reached XP level 11. HP: 58/99 MP: 14/14
  6378 | D:11     | Noticed an eight-headed hydra
  6392 | D:11     | Killed an eight-headed hydra
  6499 | D:12     | Noticed a deep elf mage
  6532 | D:11     | Killed a deep elf mage
  6613 | D:9      | Paralysed by a hornet for 3 turns
  6701 | Lair:1   | Entered Level 1 of the Lair of Beasts
  6822 | Lair:2   | Reached ***** piety under Makhleb
  6822 | Lair:2   | Reached skill level 12 in Axes
  6865 | Lair:2   | Found a hole to the Spider Nest.
  7723 | Lair:3   | Reached XP level 12. HP: 87/109 MP: 15/15
  7724 | Lair:3   | Found a staircase to the Swamp.
  8195 | Lair:3   | Reached skill level 13 in Axes
  8210 | Lair:3   | Reached skill level 10 in Invocations
  8519 | Lair:4   | Reached skill level 10 in Dodging
  8794 | Lair:4   | Noticed a seven-headed hydra
  8810 | Lair:4   | Killed a seven-headed hydra
  9268 | Lair:5   | Found a staircase to the Slime Pits.
 10071 | Swamp:1  | Entered Level 1 of the Swamp
 10119 | Swamp:2  | Noticed a five-headed hydra
 10126 | Swamp:2  | Killed a nine-headed hydra
 10126 | Swamp:2  | Reached skill level 14 in Axes
 10206 | Swamp:2  | Reached skill level 10 in Armour
 10321 | Swamp:2  | Noticed a five-headed hydra
 10323 | Swamp:2  | Reached XP level 13. HP: 103/118 MP: 16/16
 10670 | Swamp:4  | Entered Level 4 of the Swamp
 10758 | Swamp:4  | Noticed Bai Suzhen
 10783 | Swamp:4  | Noticed a blizzard demon
 10791 | Swamp:4  | Noticed a balrug
 11127 | Lair:6   | Entered Level 6 of the Lair of Beasts
 11250 | Lair:6   | Reached skill level 15 in Axes
 11502 | Lair:6   | Noticed a dire elephant
 11523 | Lair:6   | Killed a dire elephant
 11748 | Lair:6   | Noticed a dire elephant
 11791 | Lair:6   | Killed a dire elephant
 12062 | Spider:1 | Entered Level 1 of the Spider Nest
 12241 | Spider:2 | Gained mutation: You resist negative energy. (rN+) [Deep Dwarf growth]
 12241 | Spider:2 | Reached XP level 14. HP: 129/129 MP: 14/14
 12612 | Spider:4 | Entered Level 4 of the Spider Nest
 12860 | Spider:4 | Reached skill level 16 in Axes
 12969 | Spider:4 | Reached ****** piety under Makhleb
 13002 | Spider:4 | Noticed an emperor scorpion
 13003 | Spider:4 | Noticed an emperor scorpion
 13003 | Spider:4 | Noticed a ghost moth
 13006 | Spider:4 | Noticed a ghost moth
 13007 | Spider:4 | Noticed an emperor scorpion
 13022 | Spider:4 | Killed a ghost moth
 13026 | Spider:4 | Killed an emperor scorpion
 13026 | Spider:4 | Reached skill level 10 in Fighting
 13028 | Spider:4 | Killed an emperor scorpion
 13040 | Spider:4 | Killed a ghost moth
 13046 | Spider:4 | Killed an emperor scorpion
 13057 | Spider:4 | Got a gossamer rune of Zot
 13438 | D:9      | You fall through a shaft!
 13512 | D:11     | Found Ehutil's Magic Scroll Shop.
 13518 | D:11     | Bought a scroll of blinking for 97 gold pieces
 13518 | D:11     | Bought a scroll of recharging for 123 gold pieces
 13518 | D:11     | Bought a scroll of magic mapping for 45 gold pieces
 13615 | D:11     | Paralysed by a hornet for 2 turns
 13625 | D:11     | Paralysed by a hornet for 3 turns
 14076 | D:13     | Reached XP level 15. HP: 138/138 MP: 15/15
 14670 | D:14     | Reached skill level 17 in Axes
 14719 | D:14     | Found a gate to the Vaults.
 14925 | D:15     | Entered Level 15 of the Dungeon
 15771 | D:15     | Found a staircase to the Depths.
 16243 | Vaults:1 | Entered Level 1 of the Vaults
 16253 | Vaults:1 | Got an encrusted leather armour
 16560 | Vaults:2 | Noticed luneth's ghost (adept MiBe)
 16622 | Vaults:2 | Killed luneth's ghost
 16708 | Vaults:2 | Reached XP level 16. HP: 128/150 MP: 15/15
 16721 | Vaults:3 | You fall through a shaft!
 16748 | Vaults:4 | Reached skill level 18 in Axes
 17090 | Vaults:4 | Noticed Donald
 17105 | Vaults:4 | Killed Donald
 17901 | Vaults:3 | Reached skill level 19 in Axes
 17917 | Vaults:3 | Reached XP level 17. HP: 94/162 MP: 13/13
 18260 | Vaults:2 | Found a staircase to the Crypt.
 18833 | Swamp:4  | Killed Bai Suzhen
 19007 | Swamp:4  | Noticed the 27-headed Lernaean hydra
 19034 | Swamp:4  | Killed the 27-headed Lernaean hydra
 19327 | Swamp:4  | Got a decaying rune of Zot
 19816 | Depths:1 | Entered Level 1 of the Depths
 19816 | Depths:1 | Found a flickering gateway to a bazaar.
 19824 | Bazaar   | Entered a bazaar
 19828 | Bazaar   | Found Ypsuli's Magic Scroll Boutique.
 19840 | Bazaar   | Bought a scroll of enchant weapon for 97 gold pieces
 19840 | Bazaar   | Bought a scroll of enchant armour for 97 gold pieces
 19840 | Bazaar   | Bought a scroll of blinking for 97 gold pieces
 19854 | Bazaar   | Found Ewotauc's Food Emporium.
 19871 | Bazaar   | Found Emoosily's Book Boutique.
 19888 | Bazaar   | Found Goynam's Magic Scroll Shoppe.
 19893 | Bazaar   | Bought a scroll of blinking for 150 gold pieces
 19959 | Depths:1 | Found a corrupted altar of Lugonu.
 19959 | Depths:1 | Found a one-way gate to the infinite horrors of the Abyss.
 20345 | Depths:4 | Found a gateway to a ziggurat.
 20362 | Depths:4 | Reached skill level 20 in Axes
 20378 | Depths:5 | Entered Level 5 of the Depths
 20378 | Depths:5 | Noticed a tentacled monstrosity
 20393 | Depths:5 | Killed a tentacled monstrosity
 20393 | Depths:5 | Gained mutation: You passively map a large area around you. [Deep Dwarf growth]
 20393 | Depths:5 | Reached XP level 18. HP: 147/175 MP: 11/11
 20441 | Depths:5 | Reached skill level 15 in Dodging
 20720 | Depths:5 | Noticed a bone dragon
 20737 | Depths:5 | Killed a bone dragon
 20750 | Depths:5 | Reached skill level 15 in Armour
 20766 | Depths:5 | Found a gate to the Realm of Zot.
 21203 | Vaults:5 | Entered Level 5 of the Vaults
 21217 | Vaults:5 | Noticed a tentacled monstrosity
 21224 | Vaults:5 | Noticed a golden dragon
 21227 | Vaults:5 | Noticed a tentacled monstrosity
 21230 | Vaults:5 | Noticed an ancient lich
 21230 | Vaults:5 | Noticed a tentacled monstrosity
 21232 | Vaults:5 | Killed a tentacled monstrosity
 21232 | Vaults:5 | Reached skill level 15 in Fighting
 21233 | Vaults:5 | Reached skill level 21 in Axes
 21239 | Vaults:5 | Noticed a tentacled monstrosity
 21242 | Vaults:5 | Noticed a tentacled monstrosity
 21244 | Vaults:5 | Killed a golden dragon
 21244 | Vaults:5 | Reached XP level 19. HP: 186/186 MP: 10/10
 21247 | Vaults:5 | Noticed a Brimstone Fiend
 21250 | Vaults:5 | Noticed a golden dragon
 21266 | Vaults:5 | Noticed a golden dragon
 21267 | Vaults:5 | Killed a golden dragon
 21277 | Vaults:5 | HP: 8/186 [yaktaur captain (5)]
 21277 | Vaults:5 | Slain by a tentacled monstrosity

Skill      XL: |  1  2  3  4  5  6  7  8  9 10 11 12 13 14 15 16 17 18 |
---------------+-------------------------------------------------------+-----
Armour         | 1 2 3 4 5 6 7 8 10 11 12 13 14 15 | 15.6
Fighting       | 2 3 4 5 6 7 8 9 10 11 12 14 15 | 15.5
Axes           | 4 5 6 7 8 9 11 12 14 15 16 17 19 20 21 | 21.3
Dodging        | 4 5 6 7 8 9 10 11 12 13 14 15 | 15.9
Invocations    | 2 4 6 8 9 11 12 13 14 | 14.2
Throwing       | |  1.7

Action                   |  1- 3 |  4- 6 |  7- 9 | 10-12 | 13-15 | 16-18 | 19-21 || total
-------------------------+-------+-------+-------+-------+-------+-------+-------++-------
Melee: War axe           |    45 |       |       |       |       |       |       ||    45
       Hand axe          |    49 |    79 |   293 |       |   331 |       |       ||   752
       Battleaxe         |       |   140 |   106 |   710 |   888 |   968 |    32 ||  2844
Invok: Lesser Servant of |       |       |       |     6 |     4 |       |       ||    10
       Greater Servant o |       |       |       |     1 |     9 |    10 |       ||    20
 Abil: Device Recharging |       |     1 |     1 |     3 |     6 |     8 |       ||    19
Evoke: Wand              |     1 |     5 |     6 |    16 |    27 |    34 |       ||    89
       Phantom mirror    |       |       |       |       |       |     1 |       ||     1
  Use: Scroll            |     4 |     1 |     8 |    14 |    15 |     5 |     1 ||    48
       Potion            |       |       |       |     1 |     6 |     8 |       ||    15
 Stab: Distracted        |       |       |       |     1 |     3 |     1 |       ||     5
       Petrified         |       |       |       |       |     8 |       |       ||     8
       Petrifying        |       |       |       |       |     4 |       |       ||     4
       Invisible         |       |       |       |       |       |     2 |       ||     2
  Eat: Chunk             |       |     3 |     7 |    19 |    11 |     8 |       ||    48
       Fruit             |       |       |     5 |       |     8 |       |       ||    13
       Royal jelly       |       |       |       |       |     3 |     3 |       ||     6
Armor: Leather armour    |    22 |       |       |       |       |       |       ||    22
       Crystal plate arm |    45 |  1052 |   390 |   858 |  1405 |   875 |   130 ||  4755
       Skin              |       |       |       |       |   104 |    13 |       ||   117
Dodge: Dodged            |    37 |   138 |   104 |   427 |   825 |   699 |   137 ||  2367
